 Dungeon Crawl Stone Soup version 0.25.1-9-gc5326a611f (webtiles) character file.

Game seed: 1773808816914428302

62 funkygono the Shield-Bearer (level 4, -1/28 HPs)
             Began as a Gargoyle Fighter on Dec 28, 2020.
             Slain by a gnoll
             ... wielding a +0 flail
              (7 damage)
             ... on level 2 of the Dungeon.
             The game lasted 00:04:16 (2264 turns).

funkygono the Shield-Bearer (Gargoyle Fighter)      Turns: 2264, Time: 00:04:17

Health: -1/28      AC: 10    Str: 20    XL:     4   Next: 8%
Magic:  4/4        EV:  7    Int:  9    God:
Gold:   67         SH:  9    Dex:  9    Spells: 3/3 levels left

rFire    . . .     SeeInvis .   l - +0 whip
rCold    . . .     Gourm    .   c - +0 kite shield
rNeg     + . .     Faith    .   b - +0 scale mail
rPois    ∞         Spirit   .   (no helmet)
rElec    +         Reflect  .   (no cloak)
rCorr    +         Harm     .   (no gloves)
MR       .....                  (no boots)
Stlth    ..........             i - amulet of inaccuracy (curse)
HPRegen  0.09/turn              h - ring of resist corrosion
MPRegen  0.09/turn              (no ring)

@: no status effects
A: negative energy resistance 1, electricity resistance, unbreathing,
petrification resistance, rot immunity, AC +3
a: no special abilities


You were on level 2 of the Dungeon.
You were not hungry.

You visited 1 branch of the dungeon, and saw 2 of its levels.

You collected 67 gold pieces.

Inventory:

Hand Weapons
 a - a +0 flail
 l - a +0 whip (weapon)
 o - a +0 hunting sling
Missiles
 e - 21 bolts
 g - 6 arrows
 k - 26 stones (quivered)
 s - 7 javelins
Armour
 b - a +0 scale mail (worn)
 c - a +0 kite shield (worn)
Jewellery
 h - a ring of resist corrosion (left hand)
 i - a cursed amulet of inaccuracy (around neck)
Scrolls
 t - a scroll of remove curse {unknown}
Potions
 d - a potion of might
 m - 2 potions of curing
 n - a potion of invisibility {unknown}
 p - a potion of haste
 q - a potion of stabbing
 r - a potion of flight
Comestibles
 f - a ration
 j - 5 chunks of flesh


   Skills:
 + Level 3.5 Fighting
 + Level 2.4 Maces & Flails
 + Level 4.0 Armour
 + Level 0.4 Dodging
 + Level 4.1 Shields


You had 3 spell levels left.
You didn't know any spells.
Your spell library was empty.

Dungeon Overview and Level Annotations

Branches:
Dungeon (2/15)

Altars:


Innate Abilities, Weirdness & Mutations

You are resistant to torment.
Your stone body is resilient. (AC +3)
You are immune to poison.
You resist negative energy. (rN+)
You are resistant to electric shocks. (rElec)
You can survive without breathing.
You are immune to petrification.
You are immune to rotting.


Message History

You hit the gnoll.
The gnoll is heavily wounded.
The gnoll hits you with a +0 flail. The gnoll hits you with a +0 whip.
The gnoll hits you with a +0 flail.
You closely miss the gnoll. You block the gnoll's attack.
The gnoll hits you but does no damage.
You hit the gnoll.
The gnoll is moderately wounded.
The gnoll closely misses you. The gnoll hits you but does no damage.
You barely miss the gnoll.
The gnoll is moderately wounded.
You block the gnoll's attack. The gnoll barely misses you. x2
You closely miss the gnoll.
The gnoll is moderately wounded.
You block the gnoll's attack. The gnoll hits you with a +0 whip.
* * * LOW HITPOINT WARNING * * *
You closely miss the gnoll.
The gnoll is heavily wounded.
The gnoll hits you with a +0 flail!
You die...

####.#.#.###.# #.#...#
#.# ### #.#..# #.# #..
####.#..####.#
.##......>.........#
......#.##.#..######
#....###.#..#
#..)......#######
####@g..........###
#######g#.######.....#
..........# #.....###
.......#.## #........
######...# #.....###
##### #.....# #######


You could see 2 gnolls.

Vanquished Creatures
  A gnoll (D:2)
  An ooze (D:1)
  A worm (D:2)
  2 leopard geckos
  5 giant cockroaches (D:1)
  6 hobgoblins
  3 jackals (D:2)
  A quokka (D:2)
  4 bats
  2 frilled lizards
  6 goblins (D:1)
  7 kobolds
  3 rats
42 creatures vanquished.

Notes
Turn   | Place    | Note
-------+----------+-------------------------------------------
     0 | D:1      | funkygono the Gargoyle Fighter began the quest for the Orb.
     0 | D:1      | Reached XP level 1. HP: 14/14 MP: 1/1
   226 | D:1      | Reached XP level 2. HP: 17/19 MP: 2/2
   638 | D:1      | Reached XP level 3. HP: 15/23 MP: 3/3
  2184 | D:2      | Reached XP level 4. HP: 15/28 MP: 4/4
  2264 | D:2      | Slain by a gnoll

Illustrated notes

Levels and vault maps discovered:
D:1:      psy_arrival_wood_between_worlds, layout_basic, amethyst_killhole,
          hangedman_decor_clover_reticule, chequers_serial_rivers_marsh
D:2:      layout_loops_ring, tso_oasis_becter, minmay_heptomino_d4,
          uniq_natasha, uniq_sigmund, uniq_jessica

Skill      XL: |  1  2  3 |
---------------+----------+-----
Armour         | 4 |  4.0
Shields        | 4 |  4.1
Fighting       | |  3.5
Maces & Flails | |  2.4
Dodging        | |  0.4

Action                   |  1- 3 |  4- 6 || total
-------------------------+-------+-------++-------
Melee: Whip              |   421 |    14 ||   435
       Flail             |    96 |       ||    96
Throw: Stone             |     2 |       ||     2
  Use: Scroll            |     4 |       ||     4
  Eat: Chunk             |     5 |     1 ||     6
Armor: Scale mail        |   272 |     5 ||   277
Dodge: Dodged            |   172 |     5 ||   177
Block: Kite shield       |   303 |    10 ||   313
